Map: Ruins of Seras

Players

Beastyqt

  • Race: Terran Terran
  • League: Master

HuK - Winner!

  • Race: Protoss Protoss
  • League: Grandmaster

Event: Gauntlet Monday Night

VOD

Have the link to the VOD?

Description

Time

  • Played on: Jan. 4, 2016, 1:35 p.m.
  • Length: 8:42
Show
View Real Time Build Order
Export as new Build Order

Beastyqt Terran 

Build Orders: Command Center First (CC), MMM Bio 

Get SALT Encoding   

  12  0:00  SCV  
  13  0:13  SCV  
  14  0:17  Supply Depot  
  14  0:25  SCV  
  15  0:39  SCV  
  16  0:51  SCV  
  17  1:01  Command Center  
  17  1:04  SCV  
  18  1:16  SCV  
  19  1:19  Barracks  
  19  1:28  SCV  
  20  1:33  Barracks  
  20  1:40  SCV  
  21  1:51  Barracks  
  21  1:53  SCV  
  22  2:06  Marine  
  22  2:07  Orbital Command  
  23  2:17  Orbital Command  
  23  2:20  Marine  
  24  2:24  Marine  
  25  2:32  Bunker  
  25  2:34  SCV  
  26  2:38  Marine x2  
  26  2:42  Marine  
  29  2:44  SCV  
  29  2:46  SCV  
  31  2:53  Supply Depot  
  31  2:55  Refinery  
  31  2:56  Marine  
  31  2:58  Refinery, Marine  
  32  3:01  SCV  
  32  3:03  SCV  
  35  3:06  Marine  
  36  3:13  SCV, Marine  
  36  3:14  Engineering Bay  
  36  3:18  Marine  
  36  3:19  Supply Depot  
  39  3:21  SCV  
  39  3:25  SCV  
  41  3:30  Barracks Tech Lab  
  41  3:31  Marine  
  41  3:33  SCV  
  43  3:36  Marine  
  43  3:40  SCV, Supply Depot  
  45  3:45  SCV  
  45  3:49  Marine  
  45  3:51  Combat Shields, Marine  
  45  3:52  SCV  
  45  3:54  Marine  
  49  4:00  Missile Turret  
  48  4:03  SCV  
  48  4:07  Marine  
  48  4:09  SCV, Missile Turret  
  48  4:10  Missile Turret  
  48  4:14  Marine x2  
  48  4:16  SCV  
  51  4:24  SCV  
  51  4:25  Marine  
  51  4:27  Factory  
  51  4:28  Terran Infantry Weapons Level 1  
  51  4:31  SCV  
  54  4:33  Marine x2  
  55  4:42  SCV, Marine  
  50  4:46  SCV, Supply Depot  
  50  4:51  Marine  
  52  4:53  Marine  
  52  4:54  SCV  
  52  4:58  SCV  
  55  5:00  Marine  
  55  5:06  SCV  
  57  5:09  Marine  
  57  5:10  Bunker  
  57  5:12  Marine  
  57  5:14  Stimpack  
  58  5:15  Bunker x2  
  58  5:17  SCV  
  58  5:18  SCV  
  58  5:19  Widow Mine  
  61  5:26  Supply Depot  
  61  5:30  Supply Depot  
  61  5:33  Barracks Reactor  
  60  5:37  Bunker  
  60  5:47  Bunker  
  60  5:51  Marine x2  
  60  5:57  SCV  
  62  6:00  Supply Depot, Starport  
  62  6:08  SCV  
  62  6:20  Supply Depot  
  62  6:21  SCV x2, Marine x2, Widow Mine  
  62  6:22  Marauder  
  68  6:26  Marine  
  67  6:33  SCV  
  67  6:39  Marine  
  69  6:40  Marine  
  69  6:42  SCV  
  69  6:46  SCV  
  71  6:53  Widow Mine  
  72  6:54  SCV  
  73  7:03  Marauder, Marine x2  
  75  7:12  Medivac, Marine  
  77  7:19  Orbital Command  
  77  7:21  Marine  
  78  7:26  Supply Depot x2, Marine  
  78  7:27  Marauder  
  81  7:37  Widow Mine  
  81  7:38  Marine  
  82  7:47  Concussive Shells  
  82  7:54  Marine x2  
Show
View Real Time Build Order
Export as new Build Order

HuK Protoss - Winner!

Build Orders: Nexus First, Oracle Opening 

Get SALT Encoding   

  12  0:01  Probe (Chrono Boost)  
  13  0:11  Probe (Chrono Boost)  
  14  0:20  Pylon  
  14  0:22  Probe (Chrono Boost)  
  15  0:38  Probe (Chrono Boost)  
  16  0:48  Probe (Chrono Boost)  
  17  1:01  Nexus  
  17  1:09  Gateway  
  17  1:14  Probe (Chrono Boost)  
  18  1:19  Assimilator  
  18  1:24  Probe (Chrono Boost)  
  19  1:26  Assimilator  
  19  1:35  Probe (Chrono Boost)  
  19  1:39  Gateway  
  20  1:45  Probe (Chrono Boost)  
  21  1:56  Probe (Chrono Boost)  
  22  2:02  Cybernetics Core  
  22  2:07  Probe (Chrono Boost)  
  23  2:12  Pylon  
  23  2:17  Probe (Chrono Boost)  
  23  2:19  Probe (Chrono Boost)  
  25  2:28  Probe (Chrono Boost)  
  26  2:30  Probe (Chrono Boost)  
  26  2:36  Warp Gate (Chrono Boost)  
  27  2:38  Probe (Chrono Boost)  
  27  2:39  Stargate  
  27  2:43  Probe (Chrono Boost)  
  29  2:48  Adept (Chrono Boost)  
  29  2:50  Probe  
  32  2:55  Probe  
  33  3:02  Gateway  
  33  3:04  Probe  
  34  3:07  Probe  
  35  3:16  Probe  
  35  3:19  Probe, Oracle (Chrono Boost)  
  40  3:28  Gateway, Probe  
  40  3:32  Probe  
  42  3:39  Pylon  
  42  3:41  Probe  
  44  3:52  Oracle  
  44  3:53  Probe, Assimilator  
  44  3:54  Mothership Core  
  46  3:57  Assimilator  
  49  4:07  Probe  
  47  4:20  Probe x2  
  47  4:23  Void Ray  
  49  4:26  Pylon  
  53  4:32  Probe  
  54  4:50  Stalker x4  
  60  4:55  Pylon  
  60  4:57  Gateway  
  60  4:58  Gateway  
  60  5:00  Gateway, Pylon  
  60  5:02  Pylon  
  60  5:12  Void Ray  
  64  5:22  Stalker x4  
  72  5:43  Stalker x2  
  72  5:48  Pylon  
  72  5:49  Adept x2  
  80  6:17  Stalker  
  80  6:18  Stalker x6  
  94  6:37  Pylon  
  94  6:40  Pylon  
  92  7:01  Adept  
  92  7:02  Adept x5  
  92  7:03  Adept  
  102  7:26  Stalker  
  102  7:27  Stalker x3  
  110  7:39  Pylon  
  110  7:40  Pylon  
  110  7:41  Pylon x2  
  110  8:00  Stalker x6  
  110  8:02  Adept  
  124  8:10  Nexus  
  124  8:12  Pylon  
  87  8:36  Stalker  
  87  8:37  Stalker  
  87  8:38  Stalker x4  
Tags
 
Add a new tag
Caveats
  • Supply blocks, unpowered buildings, or Contaminate may cause inaccurate times.
  • Supply counts are checked every 10 seconds.